 Dungeon Crawl Stone Soup version 0.19-a0-36-g4a0968a (webtiles) character file.

7 M4edhros the Grave Robber (level 2, -1/17 HPs)
             Began as an Octopode Necromancer on May 3, 2016.
             Hit by a stone thrown by a kobold (3 damage)
             ... on level 1 of the Dungeon.
             The game lasted 00:01:00 (88 turns).

M4edhros the Grave Robber (Octopode Necromancer)      Turns: 88, Time: 00:01:01

Health: -1/17      AC:  1    Str:  7    XL:     2   Next: 4%
Magic:  0/5        EV: 12    Int: 17    God:
Gold:   0          SH:  0    Dex: 12    Spells: 2 memorised, 3 levels left

rFire  . . .     SeeInvis .       - Unarmed
rCold  . . .     Gourm    .     (no shield)
rNeg   . . .     Faith    .     (helmet restricted)
rPois  .         Spirit   .     (no amulet)
rElec  .         Dismiss  .     (no ring)
rCorr  .         Reflect  .     (no ring)
SustAt .         Harm     .     (no ring)
MR     .....                    (no ring)
Stlth  +++.......               (no ring)
                                (no ring)
                                (no ring)
                                (no ring)

@: not resistant to hostile enchantments, fairly stealthy
A: almost no armour, amphibious, 8 rings, constrict 8, camouflage 1, gelatinous
body 1
a: no special abilities


You were on level 1 of the Dungeon.
You were not hungry.

You visited 1 branch of the dungeon, and saw 1 of its levels.

Inventory:

Scrolls
 d - a scroll of magic mapping {unknown}
Books
 a - a book of Necromancy

   Spells                             Type                      Level
   a - Pain                           Necromancy                   1
   b - Animate Skeleton               Necromancy                   1
   c - Vampiric Draining              Necromancy                   3
   d - Regeneration                   Charms/Necromancy            3
   e - Animate Dead                   Necromancy                   4
   f - Control Undead                 Necromancy                   4
Comestibles
 b - a bread ration
 c - 3 chunks of flesh


   Skills:
 - Level 2.0 Dodging
 - Level 2.6 Stealth
 + Level 1.6 Unarmed Combat
 - Level 2.0 Spellcasting
 - Level 4.0 Necromancy


You had 3 spell levels left.
You knew the following spells:

 Your Spells              Type           Power        Failure   Level  Hunger
a - Pain                  Necr           ###.         3%          1    #......
b - Animate Skeleton      Necr           N/A          3%          1    #......


Dungeon Overview and Level Annotations

Branches:
Dungeon (1/15)

Altars:


Innate Abilities, Weirdness & Mutations

You cannot wear most types of armour.
You are amphibious.
You can wear up to eight rings at the same time.
You can use your tentacles to constrict eight enemies at once.
Your skin changes colour to match your surroundings (Stealth).
Your rubbery body absorbs attacks (AC +1).


Message History

The goblin dies!
Your bat skeleton closely misses the giant gecko.
The giant gecko bites your bat skeleton.
Your bat skeleton is destroyed!
Casting: Pain
Confirm with . or Enter, or press ? or * to list all spells.
Aiming: Pain
Press: ? - help, Shift-Dir - straight line, f - giant gecko
Aim: a giant gecko (clinging, chance to defeat MR: 92%)
The giant gecko convulses in agony!
Your goblin skeleton hits the giant gecko.
You aren't carrying any potions.
You aren't carrying any items that you can evoke.
Read which item? (? for menu, Esc to quit)
Okay, then.
Your goblin skeleton hits the giant gecko.
The giant gecko dies!
You have reached level 2!
The kobold throws a stone.
The stone hits you.
You die...

##.....## ..
#..(....# #####..
#........ .......
#.#....... .......
#.#...... .......
##.#.#...### .......
.......#...##K......
#.........))..[...
#....@....Z.......
#########
##......#####...##
Z.......#####......#
.##
#######..........###
# #######........
#########


You could see a kobold and a friendly goblin skeleton.

Vanquished Creatures
  3 goblins (D:1)
  A bat (D:1)
  A giant newt (D:1)
  A kobold (D:1)
6 creatures vanquished.

Vanquished Creatures (collateral kills)
  A giant gecko (D:1)
  A goblin (D:1)
2 creatures vanquished.

Grand Total: 8 creatures vanquished

Notes
Turn   | Place    | Note
--------------------------------------------------------------
     0 | D:1      | M4edhros the Octopode Necromancer began the quest for the Orb.
     0 | D:1      | Reached XP level 1. HP: 11/11 MP: 3/3
    11 | D:1      | Learned a level 1 spell: Animate Skeleton
    65 | D:1      | Reached skill level 1 in Unarmed Combat
    88 | D:1      | Reached XP level 2. HP: 2/17 MP: 0/5
    88 | D:1      | Hit by a stone thrown by a kobold

Vault maps used:
D:1:      onia_arrival_mini_spirals

Skill      XL: |  1 |
---------------+----+-----
Unarmed Combat | 1 |  1.6
Dodging        | |  2.0
Stealth        | |  2.6
Spellcasting   | |  2.0
Necromancy     | |  4.0

Action                   || total
-------------------------++-------
Melee: Unarmed           ||     9
       Constrict         ||     5
       Tentacles         ||     2
       Punch             ||     1
 Cast: Pain              ||     4
       Animate Skeleton  ||     2
 Stab: Sleeping          ||     1
Armor: Skin              ||     1
Dodge: Dodged            ||     3
